 Dungeon Crawl Stone Soup version 0.31.0-11-ge490571c62 (webtiles) character file.

Game seed: 2504708467441773665

1661 qw the Skirmisher (level 8, -1/46 HPs)
             Began as a Deep Elf Hunter on Feb 4, 2024.
             Slain by Prince Ribbit (4 damage)
             ... on level 5 of the Dungeon.
             The game lasted 00:00:18 (4166 turns).

qw the Skirmisher (Deep Elf Hunter)                 Turns: 4166, Time: 00:00:19

Health: -1/46      AC:  7    Str: 10    XL:     8   Next: 69%
Magic:  10/10      EV: 12    Int: 15    God:
Gold:   176        SH:  5    Dex: 18    Spells: 7/7 levels left

rFire   . . .        a - +2 shortbow
rCold   . . .        (shield currently unavailable)
rNeg    . . .        b - +0 ring mail
rPois   .            (no helmet)
rElec   .            (no cloak)
rCorr   .            j - +1 pair of gloves
SInv    .            (no boots)
Will    .....        i - amulet of reflection
Stlth   +            (no ring)
HPRegen 0.27/turn    (no ring)
MPRegen 0.12/turn

%: reflection
@: no status effects
A: no striking features
a: no special abilities


You were on level 5 of the Dungeon.
You visited 1 branch of the dungeon, and saw 5 of its levels.

You collected 206 gold pieces.
You spent 30 gold pieces at shops.


   Skills:
 - Level 3.0 Fighting
 - Level 14.0 Ranged Weapons
 - Level 1.1 Armour
 + Level 4.0 Dodging
 - Level 1.2 Stealth


You had 7 spell levels left.
You didn't know any spells.
Your spell library was empty.

Inventory:

Hand Weapons
 a - a +2 shortbow (weapon)
Armour
 b - a +0 ring mail (worn)
 c - a +0 pair of boots
 j - a +1 pair of gloves (worn)
Jewellery
 i - an amulet of reflection (around neck)
Potions
 f - a potion of lignification {unknown}
 g - a potion of curing
 h - a potion of invisibility {unknown}
 l - a potion of berserk rage {unknown}

Dungeon Overview and Level Annotations

Branches:
Dungeon (5/15)
 Temple: D:4-7

Altars:
Trog

Shops:
D:3 *((

Annotations:
D:5 Prince Ribbit


Message History

You shoot an arrow. The arrow hits the sleepcap.
The sleepcap is almost destroyed.
The sleepcap barely misses you.
You shoot an arrow. The arrow hits the sleepcap.
The sleepcap is almost destroyed.
The sleepcap closely misses you.
You shoot an arrow.
The arrow hits the sleepcap but does no damage.
The sleepcap is almost destroyed.
The sleepcap barely misses you.
You shoot an arrow. The arrow hits the sleepcap.
The sleepcap is almost destroyed.
The sleepcap releases spores at you.
You shoot an arrow. The arrow hits the sleepcap!
You destroy the sleepcap!
Your Ranged Weapons skill increases to level 14!
You start resting.
Prince Ribbit comes into view.
You shoot an arrow.
Prince Ribbit croaks.
The arrow hits Prince Ribbit.
Prince Ribbit is lightly wounded.
You shoot an arrow. The arrow misses Prince Ribbit.
You shoot an arrow. The arrow hits Prince Ribbit.
Prince Ribbit is moderately wounded.
You shoot an arrow. The arrow closely misses Prince Ribbit.
You shoot an arrow. The arrow hits Prince Ribbit!
Prince Ribbit is heavily wounded.
Prince Ribbit hits you!
You shoot an arrow. The arrow misses Prince Ribbit.
Prince Ribbit blinks!
You shoot an arrow. The arrow hits Prince Ribbit.
Prince Ribbit is heavily wounded.
You shoot an arrow. The arrow misses Prince Ribbit.
You shoot an arrow. The arrow hits Prince Ribbit.
Prince Ribbit is heavily wounded.
Prince Ribbit hits you!
You shoot an arrow. The arrow misses Prince Ribbit.
Prince Ribbit hits you.
You die...

#.# #...## #.#.#..# #...%.... #.#
#....#####...##.# #####.###
#.#####..........###.# ##.###
..........%..#.#.###.#######..##.
..######.###..................%..
#.## #.# #####..>.#.#..........
#..## #.# ####......#.#####.###
#...# #.####....#......# #.# #
#.#.# #.##...##@#..##### #.#
..#.####.##.####F#[.# #.#
#.#...##....####.#..# #.#
################....# #.#
.000.........#......#########
############.#...##..........
.............##..###..(......
##############........######
.#.......(......?####.#


You could see Prince Ribbit.

Vanquished Creatures
  Pikel (D:5)
  Sigmund (D:2)
  Edmund (D:4)
  Duvessa (D:4)
  A water moccasin (D:5)
  An ice beast (D:5)
  A kobold brigand (D:3)
  3 scorpions
  Dowan (D:4)
  A hound (D:4)
  2 bombardier beetles
  2 sleepcaps
  An iguana (D:4)
  7 adders
  2 ribbon worms
  5 orcs (D:4)
  6 ball pythons
  5 bats
  2 endoplasms (D:4)
  3 giant cockroaches
  7 goblins
  4 hobgoblins
  5 quokkas
  9 kobolds
  23 rats
95 creatures vanquished.

Notes
Turn   | Place    | Note
-------+----------+-------------------------------------------
     0 | D:1      | qw the Deep Elf Hunter began the quest for the Orb.
     0 | D:1      | Reached XP level 1. HP: 12/12 MP: 3/3
     0 | D:1      | 0 ||| qw: Version: 0.3-a-160-g6735b56
     0 | D:1      | 0 ||| qw: Game counter: 5387
     0 | D:1      | 0 ||| qw: Melee chars always use a shield: true
     0 | D:1      | 0 ||| qw: God list: Okawaru
     0 | D:1      | 0 ||| qw: Allow faded altars: false
     0 | D:1      | 0 ||| qw: Do Orc after clearing Dungeon:15 true
     0 | D:1      | 0 ||| qw: Do second Lair branch before Depths: true
     0 | D:1      | 0 ||| qw: Lair rune preference: random
     0 | D:1      | 0 ||| qw: Goals: Normal
     0 | D:1      | 0 ||| PLANNING D:1-11
   351 | D:1      | Reached skill level 6 in Ranged Weapons
   351 | D:1      | Reached XP level 2. HP: 12/16 MP: 4/4
   752 | D:1      | 752 ||| UPGRADING to amulet of regeneration.
   757 | D:1      | 757 ||| READING 2 scrolls labelled EDUBUY FANOILI.
   758 | D:1      | 758 ||| READING scroll labelled ZAN SORREFRO.
   759 | D:1      | 759 ||| READING scroll labelled IBINAKK NUCVOUST.
   763 | D:1      | 763 ||| DRINKING 2 dark potions.
   764 | D:1      | 764 ||| DROPPING scroll of butterflies.
   765 | D:1      | 765 ||| DROPPING scroll of blinking.
   859 | D:2      | Reached XP level 3. HP: 20/20 MP: 5/5
  1086 | D:2      | Noticed Sigmund
  1087 | D:2      | 1087 ||| ZAPPING wand of mindburst (16) at -1,6 (Sigmund;
                  | floor).
  1088 | D:2      | 1088 ||| FLEEEEING.
  1089 | D:2      | 1089 ||| FLEEEEING.
  1090 | D:2      | 1090 ||| FLEEEEING.
  1091 | D:2      | 1091 ||| FLEEEEING.
  1095 | D:2      | 1095 ||| ZAPPING wand of mindburst (15) at 1,3 (Sigmund;
                  | floor).
  1095 | D:2      | Killed Sigmund
  1096 | D:2      | Reached skill level 9 in Ranged Weapons
  1096 | D:2      | Reached XP level 4. HP: 25/25 MP: 6/6
  1096 | D:2      | Reached XP level 5. HP: 29/29 MP: 7/7
  1339 | D:2      | Reached skill level 3 in Dodging
  1364 | D:2      | 1364 ||| UPGRADING to +0 ring mail.
  1374 | D:2      | 1374 ||| DROPPING +0 leather armour.
  1375 | D:2      | 1375 ||| UPGRADING to +0 pair of gloves.
  1380 | D:2      | 1380 ||| UPGRADING to amulet of reflection.
  1390 | D:2      | 1390 ||| DROPPING amulet of regeneration.
  1391 | D:2      | 1391 ||| READING scroll labelled BYIGERU KISA.
  1391 | D:2      | 1391 ||| ENCHANTING +0 shortbow.
  1392 | D:2      | 1392 ||| READING scroll labelled KYKIWK CEUQ.
  1445 | D:2      | 1445 ||| DRINKING 2 bubbling black potions.
  1497 | D:3      | Found Sureb's Antique Weapon Shop.
  1518 | D:3      | 1518 ||| READING scroll of enchant weapon.
  1518 | D:3      | 1518 ||| ENCHANTING +1 shortbow.
  1565 | D:3      | Found Wehos's General Store.
  1570 | D:3      | 1570 ||| BUYING potion of curing (30 gold).
  1570 | D:3      | Bought a potion of curing for 30 gold pieces
  1570 | D:3      | 1570 ||| SHOPLISTING wand of polymorph (9) (126 gold, have
                  | 72).
  1582 | D:3      | Reached XP level 6. HP: 25/35 MP: 8/8
  1593 | D:3      | 1593 ||| FLEEEEING.
  1751 | D:3      | Found Iwkukokh's Antique Weapon Shop.
  1758 | D:3      | 1758 ||| SHOPLISTING runed sling (135 gold, have 72).
  1871 | D:3      | 1871 ||| READING scroll labelled DUMMILOTR SOVA.
  1871 | D:3      | 1871 ||| IDENTIFYING ruby potion
  1872 | D:3      | 1872 ||| READING scroll labelled TISO GOASUHU.
  2071 | D:4      | Reached skill level 10 in Ranged Weapons
  2079 | D:4      | Noticed Dowan
  2079 | D:4      | Noticed Duvessa
  2086 | D:4      | 2086 ||| DRINKING potion of haste.
  2087 | D:4      | Killed Dowan
  2088 | D:4      | Reached skill level 1 in Armour
  2088 | D:4      | 2088 ||| ZAPPING wand of mindburst (14) at 1,-1 (Duvessa;
                  | floor).
  2089 | D:4      | 2089 ||| ZAPPING wand of mindburst (13) at 1,-1 (Duvessa;
                  | floor).
  2090 | D:4      | 2090 ||| ZAPPING wand of mindburst (12) at 1,-1 (Duvessa;
                  | floor).
  2091 | D:4      | 2091 ||| ZAPPING wand of mindburst (11) at 1,-1 (Duvessa;
                  | floor).
  2092 | D:4      | 2092 ||| ZAPPING wand of mindburst (10) at 1,-1 (Duvessa;
                  | floor).
  2093 | D:4      | 2093 ||| ZAPPING wand of mindburst (9) at 1,-1 (Duvessa;
                  | floor).
  2094 | D:4      | 2094 ||| ZAPPING wand of mindburst (8) at 1,-1 (Duvessa;
                  | floor).
  2095 | D:4      | 2095 ||| ZAPPING wand of mindburst (7) at 1,-1 (Duvessa;
                  | floor).
  2096 | D:4      | 2096 ||| ZAPPING wand of mindburst (6) at 1,-1 (Duvessa;
                  | floor).
  2097 | D:4      | 2097 ||| ZAPPING wand of mindburst (5) at 1,-1 (Duvessa;
                  | floor).
  2098 | D:4      | 2098 ||| ZAPPING wand of mindburst (4) at 1,-1 (Duvessa;
                  | floor).
  2098 | D:4      | Killed Duvessa
  2099 | D:4      | Reached XP level 7. HP: 11/40 MP: 9/9
  2374 | D:4      | Noticed Edmund
  2388 | D:4      | HP: 7/40 [Edmund/+2 heavy flail (9)]
  2389 | D:4      | 2389 ||| READING 3 scrolls of teleportation.
  2389 | D:4      | HP: 2/40 [Edmund/+2 heavy flail (5)]
  2390 | D:4      | 2390 ||| DRINKING potion of heal wounds.
  2647 | D:4      | HP: 10/40 [Edmund/+2 heavy flail (12)]
  2648 | D:4      | 2648 ||| READING 3 scrolls of teleportation.
  2953 | D:4      | HP: 6/40 [scorpion (6)]
  2954 | D:4      | 2954 ||| READING 2 scrolls of teleportation.
  2957 | D:4      | HP: 2/40 [poisoned by a scorpion]
  3028 | D:4      | Reached skill level 11 in Ranged Weapons
  3252 | D:4      | HP: 2/40 [Edmund/+2 heavy flail (16)]
  3253 | D:4      | 3253 ||| READING scroll of teleportation.
  3407 | D:4      | HP: 8/40 [Edmund/+2 heavy flail (19)]
  3411 | D:4      | Killed Edmund
  3579 | D:4      | 3579 ||| UPGRADING to +1 pair of gloves.
  3589 | D:4      | 3589 ||| DROPPING +0 pair of gloves.
  3590 | D:4      | 3590 ||| READING scroll of identify.
  3590 | D:4      | 3590 ||| IDENTIFYING fuming orange potion
  3591 | D:4      | 3591 ||| READING scroll labelled DIG DEFAYRY.
  3592 | D:4      | 3592 ||| DROPPING potion of attraction.
  3598 | D:5      | Entered Level 5 of the Dungeon
  3606 | D:5      | Reached skill level 12 in Ranged Weapons
  3687 | D:5      | HP: 6/40 [poisoned by a water moccasin]
  3688 | D:5      | Reached skill level 3 in Fighting
  3688 | D:5      | Reached XP level 8. HP: 7/46 MP: 10/10
  3688 | D:5      | 3688 ||| DRINKING 2 potions of curing.
  3688 | D:5      | 3688 ||| (to cure poison)
  4014 | D:5      | Found a bloodstained altar of Trog.
  4045 | D:5      | Noticed Pikel
  4050 | D:5      | 4050 ||| RETREEEEATING.
  4051 | D:5      | 4051 ||| RETREEEEATING.
  4052 | D:5      | 4052 ||| RETREEEEATING.
  4053 | D:5      | 4053 ||| RETREEEEATING.
  4054 | D:5      | 4054 ||| RETREEEEATING.
  4055 | D:5      | 4055 ||| RETREEEEATING.
  4058 | D:5      | 4058 ||| RETREEEEATING.
  4061 | D:5      | 4061 ||| ZAPPING wand of mindburst (3) at 0,1 (Pikel;
                  | floor).
  4062 | D:5      | 4062 ||| ZAPPING wand of mindburst (2) at 0,1 (Pikel;
                  | floor).
  4063 | D:5      | 4063 ||| ZAPPING wand of mindburst (1) at 0,1 (Pikel;
                  | floor).
  4071 | D:5      | Killed Pikel
  4072 | D:5      | Reached skill level 13 in Ranged Weapons
  4075 | D:5      | 4075 ||| FLEEEEING.
  4076 | D:5      | 4076 ||| FLEEEEING.
  4077 | D:5      | 4077 ||| FLEEEEING.
  4078 | D:5      | 4078 ||| FLEEEEING.
  4079 | D:5      | 4079 ||| FLEEEEING.
  4080 | D:5      | 4080 ||| FLEEEEING.
  4081 | D:5      | 4081 ||| FLEEEEING.
  4082 | D:5      | 4082 ||| FLEEEEING.
  4083 | D:5      | 4083 ||| FLEEEEING.
  4084 | D:5      | 4084 ||| FLEEEEING.
  4085 | D:5      | 4085 ||| FLEEEEING.
  4093 | D:5      | HP: 10/46 [sleepcap (6)]
  4098 | D:5      | HP: 10/46 [sleepcap (2)]
  4100 | D:5      | Reached skill level 14 in Ranged Weapons
  4156 | D:5      | Noticed Prince Ribbit
  4165 | D:5      | HP: 3/46 [Prince Ribbit (14)]
  4166 | D:5      | Slain by Prince Ribbit

Levels and vault maps discovered:
D:1:      saegor_arrival_simple_d, layout_basic
D:2:      layout_basic, minmay_rat_hole, uniq_sigmund
D:3:      layout_basic, serial_shops, nicolae_shop_hallway_plus,
          nicolae_shop_crystal, shop
D:4:      layout_loops_corners, uniq_edmund, uniq_duvessa
D:5:      lemuel_ice_spiral_2, layout_rooms, lemuel_crystal_altar,
          uniq_crazy_yiuf_cottage, uniq_prince_ribbit1, uniq_pikel

Skill      XL: |  1  2  3  4  5  6  7  8 |
---------------+-------------------------+-----
Ranged Weapons | 6 9 10 12 14 | 14.0
Dodging        | 3 4 |  4.0
Fighting       | 2 3 |  3.0
Armour         | 1 |  1.1
Stealth        | |  1.2

Action                     |  1- 3 |  4- 6 |  7- 9 || total
---------------------------+-------+-------+-------++-------
   Fire: Shortbow          |    76 |   136 |   204 ||   416
  Evoke: Wand              |     2 |    11 |     3 ||    16
    Use: Scroll            |     3 |     5 |     6 ||    14
         Potion            |     1 |     2 |     2 ||     5
 Armour: Leather armour    |    17 |     9 |       ||    26
         Ring mail         |       |    21 |    54 ||    75
  Dodge: Dodged            |    20 |    26 |    35 ||    81
  Block: Other             |       |    11 |    23 ||    34

Table legend:
 A = Non-vault XP
 B = Vault XP
 C = Vault XP percentage of total XP
 D = Non-vault monster count
 E = Vault monster count
 F = Vault count percentage of total count
                 A         B        C        D         E       F
            +---------+---------+-------+---------+---------+-------
      Total |    1058 |    1316 |  55.4 |      71 |      24 |  25.3
            +---------+---------+-------+---------+---------+-------
        D:1 |      23 |       0 |   0.0 |      14 |       0 |   0.0
        D:2 |      42 |     259 |  86.0 |      11 |      20 |  64.5
        D:3 |     150 |       0 |   0.0 |      19 |       0 |   0.0
        D:4 |     358 |     384 |  51.8 |      19 |       3 |  13.6
        D:5 |     485 |     673 |  58.1 |       8 |       1 |  11.1
            +---------+---------+-------+---------+---------+-------
